 Dungeon Crawl Stone Soup version 0.27.0-1-g7a089689b8 (webtiles) character file.

Game seed: 15024593333610127363

380 ZombieSheep the Magician (level 6, 0/51 HPs)
             Began as a Gnoll Wanderer on Aug 6, 2021.
             Was a Priest of Wu Jian.
             Succumbed to a scorpion's poison
             ... on level 5 of the Dungeon.
             The game lasted 00:09:03 (4035 turns).

ZombieSheep the Magician (Gnoll Wanderer)           Turns: 4035, Time: 00:09:03

Health: 0/51       AC:  9    Str: 13    XL:     6   Next: 75%
Magic:  14/14      EV:  9    Int:  9    God:    Wu Jian [***...]
Gold:   216        SH:  0    Dex: 14    Spells: 15/15 levels left

rFire    . . .     SeeInvis .   b - +2 dagger (pain)
rCold    . . .     Faith    .   (no shield)
rNeg     . . .     Spirit   .   l - +0 scale mail
rPois    .         Reflect  .   c - +1 helmet
rElec    .         Harm     .   (no cloak)
rCorr    .         Rampage  .   (no gloves)
Will     .....                  (no boots)
Stlth    +.........             (no amulet)
HPRegen  0.17/turn              (no ring)
MPRegen  0.14/turn              (no ring)

@: lethally poisoned (0 -> -7)
A: fangs 1, strong nose, distributed training
a: Renounce Religion, Wall Jump, Serpent's Lash


You were on level 5 of the Dungeon.
You worshipped Wu Jian.
Wu Jian was most pleased with you.
You visited 1 branch of the dungeon, and saw 7 of its levels.

You collected 216 gold pieces.

Inventory:

Hand Weapons
 a - a +2 dagger
 b - a +2 dagger of pain (weapon)
 i - a +0 war axe
Missiles
 e - 47 poisoned darts (quivered)
 f - 2 curare-tipped darts
Armour
 c - a +1 helmet (worn)
 l - a +0 scale mail (worn)
Jewellery
 g - a ring of magical power
 j - a ring of protection from cold
Wands
 m - a wand of polymorph (10)
Scrolls
 h - a scroll of enchant armour
 n - a scroll of immolation
Potions
 d - a potion of curing {unknown}
 p - a potion of heal wounds {unknown}
 q - a potion of degeneration {unknown}


   Skills:
 + Level 5.0 Fighting
 + Level 2.1 Short Blades
 + Level 2.1 Long Blades
 + Level 2.1 Axes
 + Level 2.1 Maces & Flails
 + Level 2.1 Polearms
 + Level 2.1 Staves
 + Level 2.1 Slings
 + Level 2.1 Bows
 + Level 2.1 Crossbows
 + Level 3.3 Throwing
 + Level 3.3 Armour
 + Level 2.1 Dodging
 + Level 3.2 Stealth
 + Level 2.1 Shields
 + Level 2.1 Unarmed Combat
 + Level 5.4 Spellcasting
 + Level 2.7 Conjurations
 + Level 1.6 Hexes
 + Level 4.1 Summonings
 + Level 1.6 Necromancy
 + Level 1.6 Translocations
 + Level 1.6 Transmutations
 + Level 1.6 Fire Magic
 + Level 1.6 Ice Magic
 + Level 1.6 Air Magic
 + Level 1.6 Earth Magic
 + Level 1.6 Poison Magic
 + Level 2.3 Invocations
 + Level 2.1 Evocations


You had 15 spell levels left.
You didn't know any spells.
Your spell library contained the following spells:

 Spells                   Type           Power      Damage    Failure   Level
 Corona                   Hex            5%         N/A       45%         1
 Sandblast                Erth           10%        2d5       45%         1
 Ensorcelled Hibernation  Hex/Ice        10%        N/A       61%         2
 Sublimation of Blood     Necr           2%         N/A       61%         2
 Wereblood                Tmut           5%         N/A       61%         2
 Tukima's Dance           Hex            5%         N/A       83%         3
 Summon Hydra             Summ           4%         N/A       100%        7


Dungeon Overview and Level Annotations

Branches:
Dungeon (7/15)
 Temple: D:4-7

Altars:
Ru
Trog
Wu Jian

Shops:
D:3 [


Innate Abilities, Weirdness & Mutations

You have very sharp teeth.
Your uncanny sense of smell can sniff out nearby items.
Your experience applies equally to all skills.


Message History

You closely miss the scorpion.
The scorpion is moderately wounded.
You feel sick.
You are no longer poisoned.
The scorpion stings you but does no damage.
You hit the scorpion but do no damage.
The scorpion is moderately wounded.
The scorpion stings you.
You hit the scorpion but do no damage.
The scorpion is moderately wounded.
The scorpion stings you.
You are poisoned.
The scorpion poisons you!
You closely miss the scorpion.
The scorpion is moderately wounded.
You feel sick. The scorpion stings you.
* * * LOW HITPOINT WARNING * * *
You hit the scorpion.
The scorpion writhes in agony.
The scorpion is moderately wounded.
You feel sick. The scorpion stings you.
* * * LOW HITPOINT WARNING * * *
You are lethally poisoned!
The scorpion poisons you!
You hit the scorpion but do no damage.
The scorpion writhes in agony.
The scorpion is heavily wounded.
* * * LOW HITPOINT WARNING * * *
You feel very sick.
The scorpion stings you but does no damage.
Your scale mail prevents you from hitting the scorpion.
The scorpion is heavily wounded.
* * * LOW HITPOINT WARNING * * *
You feel sick. The scorpion closely misses you.
You hit the scorpion.
The scorpion is heavily wounded.
* * * LOW HITPOINT WARNING * * *
You feel sick.
The scorpion stings you but does no damage.
You hit the scorpion.
The scorpion is severely wounded.
You die...

..........
........###
.........### ..
∆..........# ...
.........# .....
#.<.......
......###.........
.......#..@s......
..................
#.................
.........!.......
.........#####...
∆.###....### #.
#)>....# #......##
####..##


You could see a scorpion.

Vanquished Creatures
  A wyvern (D:6)
  A scorpion (D:6)
  Natasha (D:3)
  Robin (D:3)
  2 adders
  A white imp (D:3)
  3 dart slugs
  An orc (D:3)
  8 ball pythons
  14 bats
  7 endoplasms
  5 giant cockroaches
  17 goblins
  5 hobgoblins
  6 jackals
  7 quokkas
  5 frilled lizards
  11 kobolds
  8 rats
104 creatures vanquished.

Notes
Turn   | Place    | Note
-------+----------+-------------------------------------------
     0 | D:1      | ZombieSheep the Gnoll Wanderer began the quest for the Orb.
     0 | D:1      | ZombieSheep set off with the following items: a +2 dagger,
                  | 2 curare-tipped darts, a +0 ring mail; and the following
                  | spell memorised: Corona; and the following spells available
                  | to memorise: Tukima's Dance
     0 | D:1      | Reached XP level 1. HP: 20/20 MP: 6/6
     9 | D:1      | Noticed a bullfrog
   159 | D:1      | Reached XP level 2. HP: 26/26 MP: 7/7
   398 | D:1      | Found a faded altar of an unknown god.
   418 | D:1      | Got Plato's Incunabulum of Clay
   419 | D:1      | Became a worshipper of the Wu Jian Council
   419 | D:1      | Reached * piety under Wu Jian
   493 | D:1      | Reached XP level 3. HP: 31/31 MP: 9/9
   519 | D:1      | Reached skill level 5 in Spellcasting
   901 | D:2      | Reached skill level 1 in Invocations
  1084 | D:2      | Reached ** piety under Wu Jian
  1365 | D:2      | Reached skill level 1 in Short Blades
  1365 | D:2      | Reached skill level 1 in Long Blades
  1365 | D:2      | Reached skill level 1 in Axes
  1365 | D:2      | Reached skill level 1 in Maces & Flails
  1365 | D:2      | Reached skill level 1 in Polearms
  1365 | D:2      | Reached skill level 1 in Staves
  1365 | D:2      | Reached skill level 1 in Slings
  1365 | D:2      | Reached skill level 1 in Bows
  1365 | D:2      | Reached skill level 1 in Crossbows
  1365 | D:2      | Reached skill level 1 in Dodging
  1365 | D:2      | Reached skill level 1 in Shields
  1365 | D:2      | Reached skill level 1 in Unarmed Combat
  1365 | D:2      | Reached skill level 1 in Evocations
  1430 | D:2      | Reached XP level 4. HP: 29/38 MP: 11/11
  1760 | D:3      | HP: 1/38 [white imp (3)]
  2094 | D:3      | Noticed Robin
  2158 | D:3      | Killed Robin
  2159 | D:3      | Reached skill level 1 in Hexes
  2159 | D:3      | Reached skill level 1 in Necromancy
  2159 | D:3      | Reached skill level 1 in Translocations
  2159 | D:3      | Reached skill level 1 in Transmutations
  2159 | D:3      | Reached skill level 1 in Fire Magic
  2159 | D:3      | Reached skill level 1 in Ice Magic
  2159 | D:3      | Reached skill level 1 in Air Magic
  2159 | D:3      | Reached skill level 1 in Earth Magic
  2159 | D:3      | Reached skill level 1 in Poison Magic
  2513 | D:3      | Reached XP level 5. HP: 39/43 MP: 12/12
  2517 | D:3      | Reached *** piety under Wu Jian
  2954 | D:3      | Found Ximeic's Armour Shop.
  3177 | D:3      | Noticed Natasha
  3183 | D:3      | Killed Natasha
  3609 | D:4      | Found a sacrificial altar of Ru.
  3611 | D:4      | Found a bloodstained altar of Trog.
  3660 | D:4      | You fall into a shaft and drop 3 floors!
  3681 | D:6      | Noticed a wyvern
  3685 | D:6      | Reached XP level 6. HP: 48/50 MP: 13/13
  3688 | D:6      | Killed a wyvern
  3689 | D:6      | Reached skill level 5 in Fighting
  3971 | D:5      | Entered Level 5 of the Dungeon
  4034 | D:5      | HP: 2/51 [poisoned by a scorpion]
  4035 | D:5      | Succumbed to a scorpion's poison

Illustrated notes

Levels and vault maps discovered:
D:1:      evilmike_arrival_come_back, layout_rooms,
          shapermc_ecumenical_altar_rom_forum
D:2:      layout_rooms
D:3:      layout_basic, serial_shops, nicolae_shop_stone,
          chequers_serial_rivers_large_b, minmay_pentangle, uniq_natasha,
          uniq_robin
D:4:      layout_loops_corners, kennysheep_mini, amcnicky_altar_gilded,
          mainiacjoe_overflow_catwalk_spiral, nrook_loot_triangle
D:5:      layout_cave_pools, serial_bayou_pond_d, kennysheep_generic_room_5
D:6:      layout_loops_cross, lemuel_temple_firewalk_b, serial_shops, shop,
          gup_sewer_entry_spiral, st_stairs_3, hangedman_decor_slide_cut,
          minmay_hedge_maze
D:7:      layout_loops_ring, mainiacjoe_overflow_small_starburst,
          skrybe_limestone_x

Skill      XL: |  1  2  3  4  5  6 |
---------------+-------------------+-----
Conjurations   | 2 |  2.7
Spellcasting   | 5 |  5.4
Invocations    | 1 2 |  2.3
Short Blades   | 1 2 |  2.1
Long Blades    | 1 2 |  2.1
Axes           | 1 2 |  2.1
Maces & Flails | 1 2 |  2.1
Polearms       | 1 2 |  2.1
Staves         | 1 2 |  2.1
Slings         | 1 2 |  2.1
Bows           | 1 2 |  2.1
Crossbows      | 1 2 |  2.1
Dodging        | 1 2 |  2.1
Shields        | 1 2 |  2.1
Unarmed Combat | 1 2 |  2.1
Evocations     | 1 2 |  2.1
Hexes          | 1 |  1.6
Necromancy     | 1 |  1.6
Translocations | 1 |  1.6
Transmutations | 1 |  1.6
Fire Magic     | 1 |  1.6
Ice Magic      | 1 |  1.6
Air Magic      | 1 |  1.6
Earth Magic    | 1 |  1.6
Poison Magic   | 1 |  1.6
Throwing       | 3 |  3.3
Armour         | 3 |  3.3
Summonings     | 4 |  4.1
Fighting       | 5 |  5.0
Stealth        | 3 |  3.2

Action                   |  1- 3 |  4- 6 || total
-------------------------+-------+-------++-------
Melee: Dagger            |   150 |   222 ||   372
       Bite              |    11 |    17 ||    28
       Punch             |       |     1 ||     1
Throw: Dart              |       |     3 ||     3
Invok: Lunge             |    10 |    13 ||    23
       Whirlwind         |     2 |    37 ||    39
  Use: Scroll            |     1 |     7 ||     8
       Potion            |       |     1 ||     1
 Stab: Sleeping          |     1 |       ||     1
Armor: Ring mail         |    41 |    17 ||    58
       Scale mail        |       |    74 ||    74
Dodge: Dodged            |    80 |   100 ||   180
